Map: Dusty Gorge

Players

MonstroTown - Winner!

  • Race: Terran Terran
  • Spawn Location: 11:00

Michael - Winner!

  • Race: Zerg Zerg
  • League: Platinum
  • Spawn Location: 9:00

Random

  • Race: Protoss Protoss
  • Spawn Location: 3:00

Havoc

  • Race: Zerg Zerg
  • Spawn Location: 5:00

VOD

Have the link to the VOD?

Description

Time

  • Played on: Oct. 12, 2018, 9:58 p.m.
  • Length: 17:11
Show
View Real Time Build Order
Export as new Build Order

MonstroTown Terran - Winner!

Build Orders: Reaper Expand, MMM Bio 

Get SALT Encoding   

  12  0:01  SCV  
  13  0:13  SCV  
  14  0:18  Supply Depot  
  14  0:25  SCV  
  15  0:40  SCV  
  15  0:41  Barracks  
  16  0:47  Refinery  
  16  0:52  SCV  
  18  1:04  SCV  
  18  1:16  SCV  
  19  1:20  Barracks  
  19  1:29  Orbital Command  
  19  1:30  Reaper  
  20  2:04  Command Center  
  20  2:07  SCV  
  21  2:13  Supply Depot  
  21  2:19  SCV  
  22  2:23  Barracks Tech Lab  
  22  2:29  Refinery  
  22  2:31  SCV  
  22  2:34  Marine  
  23  2:49  Marine  
  24  2:58  Factory, Marine  
  24  3:02  SCV  
  26  3:14  Marauder  
  26  3:19  Barracks  
  28  3:23  Marine  
  29  3:32  SCV  
  29  3:34  Bunker, SCV  
  31  3:43  Marauder, Marine  
  31  3:44  Hellion  
  31  3:48  SCV  
  37  3:50  Orbital Command  
  37  4:05  Starport  
  37  4:12  Marauder  
  39  4:18  SCV x2  
  41  4:25  Supply Depot  
  41  4:27  Factory Tech Lab  
  41  4:30  SCV  
  42  4:33  Engineering Bay  
  42  4:35  Marauder, Marine  
  45  4:39  Barracks Reactor  
  45  4:47  Siege Tank  
  45  4:50  Supply Depot  
  45  4:51  Medivac  
  50  4:58  Bunker  
  50  5:04  Barracks Reactor  
  50  5:06  Marauder  
  52  5:07  Stimpack  
  52  5:16  Refinery, SCV x2  
  52  5:20  Terran Infantry Weapons Level 1  
  54  5:28  SCV  
  55  5:36  Marine x2  
  55  5:37  Bunker  
  55  5:40  Supply Depot  
  55  5:42  Marine x3  
  58  5:43  Engineering Bay  
  60  6:01  SCV x2  
  60  6:02  Siege Tank  
  65  6:04  Missile Turret  
  65  6:06  Missile Turret  
  65  6:13  SCV  
  65  6:15  Medivac  
  68  6:23  Marine  
  68  6:24  Marine x3  
  68  6:25  Bunker  
  72  6:33  Marine  
  72  6:35  Siege Tank  
  72  6:39  Terran Infantry Armor Level 1  
  76  6:42  SCV  
  77  7:07  Marine x2  
  78  7:13  Supply Depot x2  
  78  7:16  Barracks  
  78  7:21  SCV x2, Marine  
  78  7:22  Marauder  
  83  7:25  Armory  
  83  7:43  Marauder  
  85  7:47  Marine x4  
  85  7:50  Starport Reactor  
  85  7:51  Siege Tank  
  92  7:59  Barracks  
  92  8:00  Supply Depot, SCV x2, Barracks  
  94  8:12  SCV  
  95  8:24  Marine x5  
  95  8:25  Marine  
  101  8:38  Medivac x2  
  105  8:42  Marine x4  
  105  8:45  Barracks Reactor  
  109  8:51  Barracks Tech Lab, Barracks  
  109  8:52  Barracks Reactor  
  109  8:53  Combat Shield, Barracks  
  109  9:08  Marine  
  110  9:12  Supply Depot  
  110  9:14  Supply Depot  
  110  9:25  Bunker  
  110  9:29  Terran Infantry Weapons Level 2  
  110  9:30  Marine x5, Medivac  
  117  9:37  Marine  
  117  9:38  Marine x2  
  120  9:44  Siege Tank  
  123  9:47  Barracks Reactor  
  123  9:55  Command Center  
  123  10:08  Marine  
  123  10:09  Marine x6  
  123  10:10  Marine  
  131  10:22  Marine x2  
  131  10:26  Marine  
  134  10:29  Supply Depot  
  134  10:31  Supply Depot  
  134  10:47  Marine x2  
  134  10:49  Marine  
  134  10:51  Marine x2  
  134  10:55  Marine x3  
  132  11:02  Supply Depot  
  132  11:23  SCV  
  132  11:24  Orbital Command, SCV  
  134  11:25  Supply Depot  
  134  11:27  Missile Turret  
  134  11:29  Marine x4  
  134  11:30  Marine  
  139  11:36  SCV  
  140  11:41  Refinery, SCV  
  141  11:48  Supply Depot, SCV  
  141  11:53  SCV  
  143  11:57  Marine x3  
  146  12:11  Marine  
  146  12:12  Marine x3  
  150  12:24  Refinery  
  150  12:29  Refinery  
  146  12:41  Marine  
  146  12:42  Marine x6  
  146  12:43  Marine x3  
  156  12:44  Medivac x2  
  160  12:59  Marine x2  
  160  13:00  Marine x2  
  160  13:05  Marine x2  
  165  13:06  Marine x3  
  157  13:14  Medivac  
  108  13:50  Marine x3  
  108  13:51  Marine x5  
  116  14:00  Marine x2  
  118  14:08  Marine x2  
  102  14:19  Marine x3  
  102  14:20  Marine x2  
  106  14:24  Marine x3  
  108  14:45  Viking x2  
  104  15:11  Marine  
  104  15:12  Marine x6  
  104  15:13  Marine x3  
  114  15:15  Viking  
  113  15:29  Marine x2  
  113  15:30  Marine x7  
  113  15:31  Marine  
  123  15:39  Barracks  
  123  15:42  Barracks  
  123  15:47  Starport, Marine  
  123  15:49  Barracks  
  124  15:53  Starport, SCV x2, Marine x3  
  124  15:54  Marine x5  
  124  15:55  Marine  
  134  16:10  Marine  
  134  16:11  Marine x3  
  138  16:19  Marine x4  
  138  16:20  Marine x2  
  138  16:24  Viking x3  
  150  16:28  Marine  
  150  16:29  Marine x3  
  153  16:35  Marine x3  
  153  16:37  Marine x5  
  153  16:38  Marine  
  160  16:46  Marine  
Show
View Real Time Build Order
Export as new Build Order

Michael Zerg - Winner!

Build Orders: Pool First 

Get SALT Encoding   

  12  0:01  Drone  
  13  0:12  Overlord  
  13  0:18  Drone  
  14  0:31  Drone x2  
  14  0:34  Drone  
  17  0:45  Extractor, Drone  
  17  0:53  Spawning Pool  
  17  0:56  Drone  
  17  1:07  Drone  
  18  1:26  Hatchery  
  18  1:29  Drone  
  18  1:40  Queen  
  18  1:44  Zergling x2  
  21  1:52  Metabolic Boost  
  21  1:59  Zergling x2  
  22  2:10  Overlord  
  22  2:28  Queen  
  22  2:29  Drone x3  
  27  2:54  Spine Crawler  
  27  2:56  Spine Crawler  
  25  3:00  Spine Crawler  
  25  3:01  Spine Crawler  
  25  3:02  Zergling x2  
  25  3:04  Zergling x2  
  25  3:07  Zergling x2  
  25  3:12  Zergling x2  
  27  3:15  Zergling x2  
  27  3:19  Zergling x2  
  29  3:30  Queen  
  31  3:35  Drone  
  31  3:38  Drone  
  33  3:45  Drone  
  33  3:46  Drone  
  35  3:49  Drone  
  36  3:56  Overlord  
  36  4:05  Overlord  
  36  4:23  Roach Warren  
  35  4:24  Drone x3  
  35  4:26  Drone  
  35  4:27  Drone  
  40  4:40  Drone, Evolution Chamber  
  40  4:41  Drone  
  40  4:42  Extractor  
  40  4:43  Drone  
  40  4:44  Drone  
  42  4:49  Overlord  
  42  4:58  Overlord  
  42  5:03  Overlord  
  42  5:06  Roach  
  44  5:15  Lair  
  44  5:17  Zerg Ground Armor Level 1  
  44  5:20  Drone  
  45  5:21  Drone  
  45  5:23  Drone  
  45  5:26  Drone  
  45  5:27  Drone  
  49  5:30  Drone  
  50  5:36  Roach  
  50  5:37  Roach  
  50  5:40  Roach  
  56  5:43  Roach  
  58  5:51  Roach x2  
  58  5:53  Roach  
  58  5:55  Roach  
  66  6:02  Spore Crawler  
  65  6:05  Spore Crawler  
  64  6:12  Roach x2  
  64  6:13  Overlord  
  64  6:16  Overlord  
  68  6:21  Overlord  
  67  6:36  Hydralisk Den  
  66  6:41  Queen  
  66  6:43  Drone x4  
  72  6:49  Glial Reconstitution  
  72  6:56  Spire  
  71  7:05  Muscular Augments  
  71  7:14  Extractor  
  71  7:15  Extractor, Drone x5  
  74  7:21  Drone  
  75  7:47  Infestation Pit  
  74  7:52  Pneumatized Carapace  
  74  8:01  Zerg Missile Weapons Level 1  
  74  8:04  Zergling x30  
  89  8:13  Overseer  
  89  8:14  Overseer  
  89  8:16  Grooved Spines  
  89  8:17  Overlord x2  
  89  8:35  Overlord x4, Burrow  
  89  8:46  Hydralisk  
  89  8:47  Hydralisk x2  
  95  8:58  Hydralisk x2  
  95  8:59  Hydralisk  
  93  9:09  Hive  
  93  9:28  Hydralisk x4  
  93  9:30  Overlord  
  101  9:45  Hatchery  
  100  9:58  Swarm Host x2  
  109  10:05  Swarm Host  
  115  10:14  Queen  
  115  10:19  Drone x3  
  121  10:21  Drone  
  121  10:23  Drone  
  121  10:25  Drone  
  121  10:27  Drone  
  124  10:41  Corruptor x2  
  128  11:12  Corruptor x4  
  128  11:13  Corruptor  
  138  11:18  Greater Spire  
  138  11:23  Queen  
  138  11:24  Drone  
  141  11:55  Corruptor x2  
  141  11:56  Overlord  
  141  11:57  Overlord x5  
  145  12:03  Drone  
  146  12:09  Spore Crawler, Spine Crawler  
  146  12:10  Spore Crawler, Drone  
  146  12:11  Spine Crawler  
  146  12:12  Drone  
  88  12:37  Corruptor x4  
  85  12:51  Corruptor  
  85  12:52  Corruptor x2  
  91  13:08  Corruptor x4  
  91  13:21  Corruptor  
  92  13:40  Brood Lord x3  
  92  13:41  Brood Lord, Corruptor  
  83  13:43  Zergling x10  
  83  13:44  Zergling x28  
  85  14:23  Brood Lord x2  
  89  14:24  Corruptor  
  89  14:25  Corruptor  
  89  14:26  Zergling x2  
  89  14:27  Zergling x12  
  100  14:42  Extractor  
  99  15:00  Adrenal Glands, Zerg Melee Weapons Level 1  
  99  15:19  Corruptor x2  
  96  15:22  Hatchery  
  96  15:25  Hatchery  
  94  15:32  Corruptor x2  
  98  15:37  Drone x5  
  97  16:22  Corruptor  
  97  16:23  Corruptor x3  
  97  16:24  Zergling x8  
  97  16:25  Zergling x22  
  118  16:32  Drone  
  111  16:40  Drone x4  
Show
View Real Time Build Order
Export as new Build Order

Random Protoss 

Build Orders:  

Get SALT Encoding   

  12  0:00  Probe  
  13  0:08  Probe  
  14  0:23  Pylon  
  14  0:29  Assimilator  
  14  0:38  Probe  
  15  0:45  Gateway  
  15  1:37  Pylon  
  15  1:42  Cybernetics Core  
  15  2:01  Nexus  
  15  2:07  Zealot  
  16  2:13  Gateway  
  16  2:18  Forge  
  16  2:19  Warp Gate  
  16  2:28  Pylon  
  16  2:31  Probe  
  17  2:59  Zealot  
  17  3:00  Zealot  
  21  3:08  Pylon  
  21  3:26  Stalker  
  23  3:49  Photon Cannon  
  23  4:01  Pylon  
  23  4:20  Photon Cannon  
  23  4:34  Assimilator  
  23  4:46  Stalker x2  
  23  4:51  Probe x2  
  29  5:10  Twilight Council  
  29  5:14  Probe  
  29  5:15  Probe  
  31  5:32  Photon Cannon  
  31  5:48  Probe x2  
  33  6:06  Pylon  
  33  6:12  Pylon  
  33  6:14  Probe  
  33  6:15  Probe  
  35  6:27  Probe  
  36  6:37  Blink  
  36  6:45  Stalker x2  
  40  6:50  Probe x2  
  40  7:28  Probe x2  
  40  7:29  Photon Cannon  
  42  7:30  Stalker x2  
  42  7:35  Protoss Ground Weapons Level 1  
  46  7:51  Photon Cannon  
  46  7:54  Probe x2, Assimilator  
  48  7:59  Assimilator  
  48  8:23  Stalker  
  42  8:48  Stalker x2  
  46  9:04  Robotics Facility  
  46  9:06  Robotics Facility  
  46  9:09  Robotics Facility  
  46  9:12  Stalker x2  
  46  9:15  Charge  
  50  9:38  Stargate  
  50  9:40  Stargate  
  50  9:59  Robotics Bay  
  50  10:02  Probe x2  
  52  10:15  Stalker x2  
  52  10:18  Protoss Ground Armor Level 1  
  56  10:41  Zealot  
  56  10:42  Zealot  
  60  11:07  Photon Cannon x2  
  60  11:09  Probe x2  
  62  11:20  Colossus x2  
  74  11:37  Phoenix x2  
  78  11:43  Warp Prism  
  80  12:04  Warp Prism  
  80  12:07  Observer  
  76  12:12  Observer, Protoss Ground Weapons Level 2  
  79  12:20  Zealot  
  79  12:21  Zealot  
  84  12:39  Gravitic Boosters  
  84  12:45  Probe  
  84  12:46  Probe  
  86  13:01  Probe x2  
  84  13:09  Pylon  
  84  13:11  Stalker x2  
  86  13:13  Pylon  
  86  13:14  Probe x2  
  86  13:16  Pylon  
  76  13:26  Colossus x3, Probe  
  43  13:36  Gravitic Drive  
  61  13:43  Zealot x2  
  65  14:11  Immortal, Colossus  
  63  14:18  Stalker x2  
  77  14:33  Extended Thermal Lance  
  57  14:57  Colossus x2  
  51  15:04  Stalker x2  
  51  15:05  Gateway  
  51  15:06  Gateway  
  55  15:08  Gateway  
  55  15:09  Observer  
  55  15:11  Gateway  
  68  15:33  Nexus  
  65  16:04  Stalker x2  
  63  16:13  Phoenix  
  63  16:15  Warp Prism  
  63  16:16  Colossus x2  
  77  16:20  Phoenix  
  81  16:27  Pylon  
  81  16:29  Stalker  
  81  16:30  Stalker, Pylon  
Show
View Real Time Build Order
Export as new Build Order

Havoc Zerg 

Build Orders: Hatch First, Lurkers 

Get SALT Encoding   

  12  0:02  Drone  
  13  0:13  Overlord  
  13  0:19  Drone  
  14  0:31  Drone x2  
  16  0:37  Drone  
  17  0:49  Drone  
  18  1:00  Hatchery  
  17  1:06  Extractor, Drone  
  17  1:16  Drone  
  18  1:23  Spawning Pool  
  18  1:24  Drone  
  18  1:29  Overlord  
  18  1:47  Drone  
  19  2:11  Spine Crawler  
  19  2:12  Zergling x2  
  19  2:13  Zergling x6  
  19  2:14  Metabolic Boost  
  22  2:16  Queen  
  22  2:22  Queen  
  24  2:26  Zergling x2  
  27  2:30  Zergling x2  
  28  2:39  Drone  
  29  2:45  Baneling Nest  
  29  2:49  Zergling x2  
  29  2:50  Zergling x2  
  30  3:10  Drone x5  
  35  3:31  Zergling x2  
  35  3:33  Overlord  
  35  3:34  Overlord  
  36  3:46  Overlord x2  
  36  3:55  Lair  
  36  3:57  Extractor  
  36  3:59  Drone  
  36  4:00  Drone x4  
  40  4:09  Baneling x3  
  40  4:10  Baneling x4  
  40  4:23  Drone  
  41  4:24  Drone x4  
  41  4:30  Drone x3  
  48  4:34  Extractor  
  47  4:51  Spore Crawler  
  47  4:52  Drone  
  47  4:53  Drone x3  
  47  4:54  Spore Crawler  
  47  4:55  Spore Crawler  
  48  5:02  Hydralisk Den  
  48  5:04  Drone x3  
  48  5:06  Zergling x2  
  51  5:13  Centrifical Hooks  
  51  5:26  Drone x2  
  53  5:29  Evolution Chamber  
  53  5:31  Evolution Chamber  
  51  5:38  Muscular Augments  
  51  5:47  Extractor, Drone  
  51  5:48  Drone x2  
  51  5:49  Drone x3  
  56  5:50  Drone x3  
  59  6:00  Zerg Missile Weapons Level 1  
  59  6:06  Zerg Ground Armor Level 1  
  59  6:12  Hydralisk  
  59  6:16  Hydralisk  
  63  6:34  Overlord  
  63  6:40  Overseer  
  63  6:41  Hydralisk  
  63  6:42  Hydralisk  
  63  6:46  Hatchery  
  66  6:49  Grooved Spines  
  66  6:57  Infestation Pit  
  65  7:03  Hydralisk x5  
  65  7:05  Overlord x2  
  65  7:06  Overlord x2  
  75  7:23  Spine Crawler, Drone  
  75  7:28  Hydralisk x2  
  75  7:29  Hydralisk x2  
  83  7:40  Drone x2  
  83  7:42  Hydralisk Den, Drone x2  
  86  8:14  Hydralisk  
  86  8:15  Hydralisk x8  
  86  8:19  Baneling  
  104  8:20  Baneling x2  
  104  8:21  Baneling  
  104  8:22  Drone  
  104  8:26  Spine Crawler  
  104  8:27  Spine Crawler  
  103  8:51  Lurker Den  
  102  8:58  Hydralisk  
  102  8:59  Hydralisk x4  
  102  9:01  Queen  
  112  9:10  Baneling x4  
  112  9:13  Zergling x2  
  112  9:14  Overlord  
  112  9:15  Overlord x5  
  113  9:37  Queen  
  115  9:39  Zergling x12  
  115  9:44  Baneling x4  
  115  9:45  Baneling x3, Zergling x2  
  122  9:46  Zergling x2  
  123  9:57  Extractor  
  123  9:59  Extractor  
  121  10:08  Zerg Ground Armor Level 2, Zerg Missile Weapons Level 2  
  121  10:17  Lurker x2  
  123  10:22  Drone x2  
  123  10:23  Drone x2  
  123  10:24  Drone x2  
  123  10:26  Overlord  
  123  10:27  Overseer  
  123  10:28  Drone x4  
  131  10:29  Drone  
  134  10:55  Spire  
  133  11:01  Overseer  
  131  11:28  Overseer  
  131  11:29  Nydus Network  
  130  11:32  Lurker  
  130  11:33  Lurker x5  
  130  11:35  Zergling x24  
  148  12:13  Baneling  
  148  12:14  Baneling x22  
  148  12:15  Baneling x5  
  148  12:16  Zergling x4  
  148  12:17  Zergling x16  
  121  12:40  Hydralisk x3  
  121  12:41  Hydralisk x4  
  134  12:50  Overseer  
  134  13:01  Zergling x2  
  134  13:02  Zergling x8  
  119  13:14  Zergling x2  
  119  13:15  Zergling x6  
  107  13:21  Zergling x2  
  102  13:28  Zergling x2  
  102  13:33  Zergling x4  
  103  13:37  Hydralisk  
  103  13:38  Hydralisk  
  103  13:39  Zergling x2  
  103  13:40  Zergling x2  
  103  13:47  Zergling x2  
  104  13:50  Baneling  
  104  13:51  Baneling x13  
  104  13:53  Zergling x6  
  107  13:56  Unknown  
  85  14:12  Zergling x8  
  71  14:17  Zergling x4  
  71  14:19  Baneling  
  71  14:22  Lurker  
  74  14:28  Zergling x2  
  74  14:29  Zergling x8  
  66  14:39  Hydralisk x3  
  72  14:51  Hydralisk x3  
  71  14:53  Baneling  
  71  14:55  Baneling x2  
  71  14:56  Baneling x4  
  70  15:09  Lurker  
  67  15:17  Zergling x2  
  67  15:18  Zergling x6  
  61  15:32  Corruptor  
  61  15:33  Corruptor x3  
  53  15:49  Corruptor x2  
  53  15:50  Corruptor x2  
  44  16:34  Corruptor  
  44  16:35  Corruptor  
  35  16:44  Spore Crawler  
Tags
 
Add a new tag
Caveats
  • Supply blocks, unpowered buildings, or Contaminate may cause inaccurate times.
  • Supply counts are checked every 10 seconds.